 Dungeon Crawl Stone Soup version 0.22.1-1-ga44c0e5 (webtiles) character file.

93 amenchero the Skirmisher (level 4, 0/37 HPs)
             Began as a Human Fighter on Oct 8, 2018.
             Slain by a gnoll
             ... wielding a +3 halberd
              (7 damage)
             ... on level 3 of the Dungeon.
             The game lasted 00:39:51 (1945 turns).

amenchero the Skirmisher (Human Fighter)            Turns: 1945, Time: 00:39:51

Health: 0/37       AC: 11    Str: 22    XL:     4   Next: 91%
Magic:  4/4        EV:  5    Int:  9    God:
Gold:   63         SH:  9    Dex: 12    Spells: 3/3 levels left

rFire    . . .     SeeInvis .   a - +0 long sword
rCold    . . .     Gourm    .   c - +0 shield
rNeg     . . .     Faith    .   j - +0 chain mail
rPois    .         Spirit   .   (no helmet)
rElec    .         Reflect  .   (no cloak)
rCorr    +         Harm     .   i - +1 pair of gloves
MR       +....                  (no boots)
Stlth    ..........             (no amulet)
HPRegen  0.12/turn              h - ring of resist corrosion
MPRegen  0.09/turn              b - ring of protection from magic

@: mighty
A: no striking features
a: no special abilities


You were on level 3 of the Dungeon.
You were not hungry.

You visited 1 branch of the dungeon, and saw 4 of its levels.

You collected 63 gold pieces.

Inventory:

Hand Weapons
 a - a +0 long sword (weapon)
Missiles
 m - 8 stones (quivered)
Armour
 c - a +0 shield (worn)
 i - a +1 pair of gloves (worn)
 j - a +0 chain mail (worn)
Jewellery
 b - a ring of protection from magic (right hand)
 h - a ring of resist corrosion (left hand)
Scrolls
 e - a scroll of identify
 l - a scroll of teleportation
Potions
 k - 2 potions of invisibility
Comestibles
 f - 2 rations


   Skills:
 + Level 3.7 Fighting
 + Level 2.9 Long Blades
 + Level 3.5 Armour
 + Level 0.4 Dodging
 + Level 3.5 Shields


You had 3 spell levels left.
You didn't know any spells.
Your spell library was empty.

Dungeon Overview and Level Annotations

Branches:
Dungeon (4/15)
 Temple: D:4-7

Altars:
Gozag
Vehumet
Zin

Annotations:
D:2 Sigmund


Message History

The gnoll hits you from afar with an enchanted halberd.
Throwing (i - inventory)
m - 9 stones (quivered)
Press: ? - help, Shift-Dir - straight line, f/p - gnoll
Aim: a gnoll, wielding an enchanted halberd and wearing a ring of resist You throw a stone.
The stone barely misses the gnoll.
The gnoll hits you from afar with an enchanted halberd!
* * * LOW HITPOINT WARNING * * *
You feel better. You block the goblin's attack.
You feel very mighty all of a sudden.
The gnoll hits you from afar with an enchanted halberd.
* * * LOW HITPOINT WARNING * * *
You block the goblin's attack.
You slice the goblin!!
You kill the goblin!
The gnoll hits you from afar with an enchanted halberd.
* * * LOW HITPOINT WARNING * * *
You hit the gnoll.
The gnoll is moderately wounded.
The gnoll hits you with an enchanted halberd!
You die...

#.#..###.....# #
#.##.###.....# )#
#....).......#.(##
#......##....#...#
#..............#..
##......#...g.....
#........†).#.####
######.##g###.#
#.#..@# .# #.#...#
# #8_8# #####


You could see a gnoll.

Vanquished Creatures
  Natasha (D:2)
  2 gnolls (D:3)
  A worm (D:2)
  2 dart slugs (D:2)
  2 leopard geckos (D:2)
  2 bats
  2 giant cockroaches (D:1)
  4 goblins
  6 hobgoblins
  3 jackals (D:2)
  6 kobolds
  A quokka (D:3)
  2 frilled lizards
  6 rats
40 creatures vanquished.

Notes
Turn   | Place    | Note
-------+----------+-------------------------------------------
     0 | D:1      | amenchero the Human Fighter began the quest for the Orb.
     0 | D:1      | Reached XP level 1. HP: 18/18 MP: 1/1
   349 | D:1      | Reached XP level 2. HP: 24/24 MP: 2/2
   927 | D:2      | Reached XP level 3. HP: 29/29 MP: 3/3
  1111 | D:2      | Noticed Natasha
  1138 | D:2      | Killed Natasha
  1138 | D:2      | Reached XP level 4. HP: 19/35 MP: 4/4
  1603 | D:2      | Noticed Sigmund
  1831 | D:3      | Found a glowing silver altar of Zin.
  1837 | D:3      | Found a radiant altar of Vehumet.
  1901 | D:3      | Found an opulent altar of Gozag.
  1945 | D:3      | Slain by a gnoll

Action                   |  1- 3 |  4- 6 || total
-------------------------+-------+-------++-------
Melee: Long sword        |    89 |    46 ||   135
Throw: Stone             |     2 |    22 ||    24
  Use: Scroll            |     4 |     3 ||     7
       Potion            |     3 |     3 ||     6
  Eat: Ration            |     1 |       ||     1
Armor: Scale mail        |    24 |       ||    24
       Chain mail        |    27 |    22 ||    49
Dodge: Dodged            |    17 |     9 ||    26
Block: Shield            |    49 |    22 ||    71
       Rpst.: Long sword |     5 |     2 ||     7
